 Dungeon Crawl Stone Soup version 0.29-a0-416-g83a48905f1 (webtiles) character file.

Game seed: 16455045317534083857

5 siradein the Bolt Thrower (level 1, 0/16 HPs)
             Began as a Vampire Hunter on May 16, 2022.
             Frozen to death by an endoplasm (2 damage)
             ... on level 1 of the Dungeon.
             The game lasted 00:00:38 (101 turns).

siradein the Bolt Thrower (Vampire Hunter)           Turns: 101, Time: 00:00:40

Health: 0/16       AC:  3    Str: 10    XL:     1   Next: 66%
Magic:  1/1        EV: 12    Int: 11    God:
Gold:   9          SH:  0    Dex: 17    Spells: 0/0 levels left

rFire   . . .      SeeInvis +   a - +1 hand crossbow
rCold   . . .      Faith    .   (no shield)
rNeg    . . .      Spirit   .   b - +0 leather armour
rPois   .          Reflect  .   (no helmet)
rElec   .          Harm     .   (no cloak)
rCorr   .          Rampage  .   (no gloves)
Will    .....                   (no boots)
Stlth   ++........              (no amulet)
HPRegen 0.25/turn               (no ring)
MPRegen 0.07/turn               (no ring)

@: healing quickly
A: alive, fangs 3, see invisible, vampiric 1
a: Exsanguinate


You were on level 1 of the Dungeon.
You visited 1 branch of the dungeon, and saw 1 of its levels.

You collected 9 gold pieces.

Inventory:

Hand Weapons
 a - a +1 hand crossbow (weapon)
Armour
 b - a +0 leather armour (worn)
Scrolls
 c - a scroll of immolation
Potions
 d - a potion of might {unknown}


   Skills:
 - Level 1.7 Fighting
 + Level 3.5 Crossbows
 - Level 2.1 Dodging
 - Level 1.5 Stealth


You couldn't memorise any spells.
You didn't know any spells.
Your spell library was empty.

Dungeon Overview and Level Annotations

Branches:
Dungeon (1/15)

Altars:


Innate Abilities, Weirdness & Mutations

Your natural rate of healing is accelerated.
You have razor-sharp teeth.
You have supernaturally acute eyesight. (SInv)
You are afflicted with vampirism.


Message History

No target in view!
A goblin comes into view. It is wielding a +0 dagger.
A goblin is nearby!
A goblin is nearby!
A goblin is nearby!
You shoot a bolt. The bolt hits the goblin.
You kill the goblin!
No target in view!
No target in view!
No target in view!
No target in view!
An endoplasm comes into view.
An endoplasm is nearby!
An endoplasm is nearby!
An endoplasm is nearby!
You shoot a bolt.
The bolt completely misses the endoplasm.
You shoot a bolt. The bolt hits the endoplasm.
The endoplasm quivers.
The endoplasm is almost dead.
No target in view!
You begin bloodletting.
You continue bloodletting.
The endoplasm freezes you.
You are frozen.
Keep bloodletting?
You continue bloodletting.
The endoplasm freezes you.
You are frozen.
You continue bloodletting.
The endoplasm freezes you.
You are frozen.
* * * LOW HITPOINT WARNING * * *
You continue bloodletting.
The endoplasm freezes you.
You are frozen.
* * * LOW HITPOINT WARNING * * *
You continue bloodletting.
The endoplasm freezes you.
You are frozen.
You die...

#>....# #.##### +#
#.# .# #.# .# #.#
#.### #.# ....# #
##.## ...#)..
##.#.##########J...#
#.###.........@....#
##.#.###############
##.## ###


You could see an endoplasm.

Vanquished Creatures
  A dart slug (D:1)
  A goblin (D:1)
  A frilled lizard (D:1)
  A rat (D:1)
4 creatures vanquished.

Notes
Turn   | Place    | Note
-------+----------+-------------------------------------------
     0 | D:1      | siradein the Vampire Hunter began the quest for the Orb.
     0 | D:1      | Reached XP level 1. HP: 16/16 MP: 1/1
   101 | D:1      | Frozen to death by an endoplasm

Illustrated notes

Levels and vault maps discovered:
D:1:      ncdulo_halloftheorcs, layout_loops_corners, minmay_vboxes

Action                   || total
-------------------------++-------
 Fire: Hand crossbow     ||     7
 Abil: Exsanguinate      ||     1
Armor: Leather armour    ||     1

Table legend: (Time is in decaauts)
 A = Elapsed time spent in this place.
 B = Non-inter-level travel time spent in this place.
 C = Inter-level travel time spent in this place.
 D = Time resting spent in this place.
 E = Time spent auto-exploring this place.
 F = Levels seen in this place.
 G = Mean time per level.
                   A        B        C        D        E       F      G
               +--------+--------+--------+--------+--------+-----+--------+
         Total |    103 |    103 |      0 |      0 |     81 |   1 |  103.0 |
       Dungeon |    103 |    103 |      0 |      0 |     81 |   1 |  103.0 |
               +--------+--------+--------+--------+--------+-----+--------+

Top non-repeatable levels by time:
     D:1: 103 daAuts
